 Dungeon Sprint DCSS version 0.30-a0-711-gf4ac18a38d (webtiles) character file.

Game seed: 13927580312567983816

106146 rocky1 the Grand Master (level 27, 0/273 HPs)
             Began as a Green Draconian Transmuter on Jan 23, 2023.
             Was an Initiate of Gozag.
             Slain by Ereshkigal (26 damage)
             ... in the Dungeon (Sprint VI: "Thunderdome").
             The game lasted 00:56:40 (5659 turns).

rocky1 the Grand Master (DrTm)                      Turns: 5659, Time: 00:56:40

Health: 0/273      AC: 25    Str: 15    XL:     27
Magic:  22/48      EV: 31    Int: 26    God:    Gozag
Gold:   16411      SH:  0    Dex: 19    Spells: 20/68 levels left

rFire   + + +      SeeInvis .      - Unarmed
rCold   + + +      Faith    .    (no shield)
rNeg    + + +      Spirit   .    (body armour unavailable)
rPois   ∞          Reflect  .    s - +2 hat "Wuatiruc" {Will+}
rElec   +          Harm     .    q - +0 cloak of Atzipuis {rPois Int+2}
rCorr   +          Rampage  +    t - +1 pair of gloves of Circular Logic {Rampage rC+ Str-2}
Will    ++++.      NoTele   +    y - +0 pair of boots {Stlth+}
Stlth   +++++                    l - amulet of Hoor {Fragile rC+++ Regen+ MP-9 Str+4}
HPRegen 1.45/turn                w - ring of Xias {Wiz rF+ rN+ Stlth+}
MPRegen 0.31/turn                B - ring of Qiskaoraqa {Wiz rF+ rC+ MP+9 Dex+2}

@: mighty, lich-form, resistant, gold aura, hasted and slowed, invisible
A: draining attack, torment immunity, no potions, (breathe noxious fumes), AC
+13, unfitting armour, stinger 1, poison resistance, cold-blooded, thin skeletal
structure 1, mutation resistance 1
}: 6/15 runes: serpentine, slimy, silver, obsidian, gossamer, mossy
a: End Transformation, Renounce Religion, Potion Petition, Call Merchant, Bribe
Branch


You were in the Dungeon.
You worshipped Gozag.
Gozag was extremely pleased with you.
You were an undead lich.
You visited 1 branch You collected 56242 gold pieces.
You spent 28450 gold pieces at shops.
You paid 11381 gold pieces to Gozag.

Inventory:

Armour
 q - the +0 cloak of Atzipuis (worn) {rPois Int+2}
   (You bought it in a shop in the Dungeon)

   Int:       It affects your intelligence (+2).
   rPois:     It protects you from poison.
 s - the +2 hat "Wuatiruc" (worn) {Will+}
   (You bought it in a shop in the Dungeon)

   Will:      It increases your willpower.
 t - the +1 pair of gloves of Circular Logic (worn) {Rampage rC+ Str-2}
   (You bought it in a shop in the Dungeon)

   Str:       It affects your strength (-2).
   rC:        It protects you from cold.
   Rampage:   It bestows one free step when moving towards enemies.
 y - a +0 pair of boots of stealth (worn)
Jewellery
 l - the amulet of Hoor (around neck) {Fragile rC+++ Regen+ MP-9 Str+4}
   (You bought it in a shop in the Dungeon)

   [amulet of regeneration]

   Str:       It affects your strength (+4).
   rC:        It renders you almost immune to cold.
   MP:        It affects your magic capacity (-9).
   Regen:     It increases your rate of health regeneration.
   Fragile:   It will be destroyed if unequipped.
 w - the ring of Xias (left hand) {Wiz rF+ rN+ Stlth+}
   (You bought it in a shop in the Dungeon)

   [ring of wizardry]

   It improves your spell success rate.
   rF:        It protects you from fire.
   rN:        It protects you from negative energy.
   Stlth:     It makes you more stealthy.
 B - the ring of Qiskaoraqa (right hand) {Wiz rF+ rC+ MP+9 Dex+2}
   (You bought it in a shop in the Dungeon)

   [ring of wizardry]

   It improves your spell success rate.
   Dex:       It affects your dexterity (+2).
   rF:        It protects you from fire.
   rC:        It protects you from cold.
   MP:        It affects your magic capacity (+9).
Wands
 i - a wand of quicksilver (5)
 j - a wand of roots (5)
 F - a wand of charming (7)
Scrolls
 g - 23 scrolls of blinking
 k - 3 scrolls of fog
 u - 8 scrolls of amnesia
 v - 6 scrolls of silence
Potions
 a - 2 potions of lignification
 b - 22 potions of curing
 c - 23 potions of heal wounds
 d - 27 potions of haste
 e - 29 potions of magic
 f - a potion of flight
 h - 23 potions of resistance
 m - 12 potions of brilliance
 r - 12 potions of might
 x - a potion of invisibility
 D - 10 potions of mutation
 E - 13 potions of attraction
Miscellaneous
 n - a tin of tremorstones (1/2)
 o - a condenser vane
 p - a phial of floods


   Skills:
 O Level 27 Fighting
 O Level 27 Dodging
 O Level 27 Unarmed Combat
 + Level 21.2 Spellcasting
 - Level 5.3 Necromancy
 - Level 19.7 Transmutations
 - Level 13.9 Fire Magic
 - Level 3.8 Ice Magic
 + Level 16.2 Air Magic
 - Level 10.8 Earth Magic
 - Level 11.1 Evocations


You had 20 spell levels left.
You knew the following spells:

 Your Spells              Type           Power      Damage    Failure   Level
a - Maxwell's Capacitive  Air            42%        ∞         3%          8
b - Wereblood             Tmut           92%        N/A       0%          2
e - Statue Form           Tmut/Erth      54%        N/A       1%          6
f - Storm Form            Tmut/Air       44%        N/A       1%          7
g - Necromutation         Tmut/Necr      48%        N/A       16%         8
h - Ignition              Fire           39%        3d12      9%          8
i - Chain Lightning       Conj/Air       31%        3d42      100%        9

Your spell library contained the following spells:

 Spells                   Type           Power      Damage    Failure   Level
 Beastly Appendage        Tmut           100%       N/A       0%          1
 Passwall                 Tmut/Erth      68%        N/A       0%          2
 Scorch                   Fire           100%       2d10      0%          2
 Swiftness                Air            84%        N/A       0%          3
 Airstrike                Air            42%        2d(6-22)  0%          4
 Blade Hands              Tmut           46%        N/A       0%          5
 Blink                    Tloc           54%        N/A       1%          2
 Ensorcelled Hibernation  Hex/Ice        74%        N/A       1%          2
 Lesser Beckoning         Tloc           54%        N/A       1%          2
 Momentum Strike          Conj/Tloc      54%        3d9       1%          2
 Poisonous Vapours        Pois/Air       100%       N/A       1%          2
 Gell's Gravitas          Tloc           27%        N/A       1%          3
 Ignite Poison            Fire/Tmut/Pois 72%        N/A       1%          3
 Inner Flame              Hex/Fire       59%        N/A       1%          3
 Kindle Blastsparks       Fire/Tloc/Air  100%       2d18      1%          3
 Ozocubu's Armour         Ice            47%        N/A       1%          3
 Portal Projectile        Hex/Tloc       54%        N/A       1%          3
 Spider Form              Tmut/Pois      68%        N/A       1%          3
 Teleport Other           Tloc           27%        N/A       1%          3
 Tukima's Dance           Hex            27%        N/A       1%          3
 Ice Form                 Ice/Tmut       73%        N/A       1%          4
 Leda's Liquefaction      Hex/Erth       27%        N/A       1%          4
 Sticky Flame             Conj/Fire      59%        2d7       1%          4
 Summon Lightning Spire   Summ/Air       63%        N/A       1%          4
 Fireball                 Conj/Fire      29%        3d13      1%          5
 Lee's Rapid Deconstruct  Erth           35%        3d18*     1%          5
 Lightning Bolt           Conj/Air       31%        1d48      1%          5
 Silence                  Hex/Air        31%        N/A       1%          5
 Conjure Ball Lightning   Conj/Air       31%        3x3d10    2%          6
 Cause Fear               Hex            13%        N/A       4%          4
 Fulminant Prism          Conj/Hex       13%        3d9       4%          4
 Iskenderun's Mystic Bla  Conj/Tloc      27%        2d7       4%          4
 Passage of Golubria      Tloc           27%        N/A       4%          4
 Iron Shot                Conj/Erth      27%        9d6       7%          6
 Iskenderun's Battlesphe  Conj           27%        2d8       11%         5
 Summon Forest            Summ/Tloc      13%        N/A       11%         5
 Summon Mana Viper        Hex/Summ       27%        N/A       11%         5
 Summon Cactus Giant      Summ           13%        N/A       47%         6
 Ozocubu's Refrigeration  Ice            23%        4d12      52%         7
 Haunt                    Necr/Summ      29%        N/A       67%         7
 Borgnjor's Revivificati  Necr           35%        N/A       92%         8
 Infestation              Necr           35%        N/A       92%         8
 Lehudib's Crystal Spear  Conj/Erth      27%        10d7      92%         8
 Malign Gateway           Summ/Tloc      13%        N/A       95%         7
 Spellforged Servitor     Conj/Summ      13%        N/A       95%         7
 Shatter                  Erth           35%        3d28*     98%         9
 Discord                  Hex            13%        N/A       100%        8
 Disjunction              Tloc           13%        N/A       100%        8
 Summon Horrible Things   Summ           13%        N/A       100%        8
 Death's Door             Necr           35%        N/A       100%        9
 Fire Storm               Conj/Fire      29%        8d8       100%        9
 Animate Dead             Necr           Unusable   N/A       N/A         4

Dungeon Overview and Level Annotations

Branches:
Dungeon (1/1)

Altars:
Cheibriados
Dithmenos
Fedhas
Gozag
Kikubaaqudgha
Makhleb
Okawaru
Qazlal
Ru
Sif Muna
Trog
Uskayaw
Vehumet
Wu Jian
Xom
Yredelemnul
Zin
The Shining One
Lugonu

Shops:
D [??*?*[:*!**[:[((!?!!

Annotations:
D Ereshkigal


Innate Abilities, Weirdness & Mutations

You are an undead lich.
Your unarmed attacks are suffused with negative energy.
You are immune to unholy pain and torment.
Your necromantic spells are more powerful.
You cannot drink.
((You can breathe blasts of noxious fumes.))
Your lurid green scales are hard. (AC +13)
You cannot fit into any form of body armour.
Your tail ends in a venomous barb.
Your system is resistant to poisons. (rPois)
You are cold-blooded and may be slowed by cold attacks.
You have a somewhat thin skeletal structure. (Dex +2, Stealth+)
You are somewhat resistant to further mutation.


Message History

The Tzitzimitl closely misses you.
Unknown command.
You miss Ereshkigal.
Ereshkigal is no longer distracted by gold.
The doom hound barks!
Your tail-slap misses Ereshkigal.
Your punch misses Ereshkigal. Ereshkigal closely misses you.
The tormentor misses you.
The tormentor hits you but does no damage.
You completely miss Ereshkigal. Your punch misses Ereshkigal.
Ereshkigal misses you. The Tzitzimitl barely misses you.
The Tzitzimitl bites you but does no damage.
The bone dragon completely misses you. x3; The tormentor completely misses you. x2
You closely miss Ereshkigal. Your punch misses Ereshkigal.
Ereshkigal misses you.
You completely miss Ereshkigal. The tormentor misses you.
The tormentor completely misses you.
A tainted leviathan comes into view.
The Tzitzimitl gestures at you.
You convulse!
* * * LOW HITPOINT WARNING * * *
The bone dragon barely misses you. The bone dragon misses you.
The bone dragon barely misses you.
You miss Ereshkigal.
The tainted leviathan shouts!
Your tail-slap misses Ereshkigal.
Ereshkigal closely misses you. The tormentor completely misses you. x2
The tremorstone explodes into fragments!
The burst of rock shards engulfs the doom hound!
The burst of rock shards engulfs Ereshkigal but does no damage.
The burst of rock shards engulfs the doom hound!
The burst of rock shards engulfs Ereshkigal!
The burst of rock shards engulfs the doom hound!
The burst of rock shards engulfs Ereshkigal but does no damage.
The burst of rock shards engulfs the doom hound!
The burst of rock shards engulfs you but does no damage.
The burst of rock shards engulfs the bone dragon but does no damage.
The Tzitzimitl engulfs you but does no damage.
The Tzitzimitl completely misses you. Ereshkigal hits you!!
You die...
Your body crumbles into a pile of gold.

∩.......[8.# #.8[.......∩###
[.[........###....(.☼C○.)..##
.=..)(..###$..#.#(∩.○○○)☼[[⌠#
........# #.0.#.#..∩.......[#
........###...#.#..........⌠#
.[......[.[###)([......[...##
∩........8.# #.8..h..[..∩###
#∩___......###.1D&.[___∩##
######.8[...∩.$.L8.######
#⌠[...[..∩..2§#
###.....∩.[.### #_......._#
#.)|....._# #_......._#
#∩...[[..∩# ##∩.....∩##
##.....##


You could see Ereshkigal, a bone dragon, a tainted leviathan, a doom hound, a
Tzitzimitl (summoned) and a tormentor (unable to see you).

Vanquished Creatures
  Dissolution (D)
  A vault guard (D)
  Asmodeus (D)
  An orb of fire (D)
  A royal mummy (D)
  Agnes (D)
  Arachne (D)
  3 electric golems (D)
  A Tzitzimitl (D)
  4 Hell Sentinels (D)
  10 Orb Guardians (D)
  3 quicksilver dragons (D)
  6 titans (D)
  An ancient champion (D)
  13 sphinxes (D)
  A death cob (D)
  A storm dragon (D)
  5 iron dragons (D)
  3 daevas (D)
  An orc warlord (D)
  A curse skull (D)
  3 cacodemons (D)
  3 stone giants (D)
  7 ophanim (D)
  3 apis (D)
  A vampire knight (D)
  2 eidola (D)
  2 merfolk javelineers (D)
  3 mummy priests (D)
  2 deep elf death magi (D)
  3 blizzard demons (D)
  A naga warrior (D)
  8 ettins (D)
  3 merfolk impalers (D)
  3 great orbs of eyes (D)
  3 spriggan air magi (D)
  11 catoblepae (D)
  A merfolk avatar (D)
  20 boulder beetles (D)
  A centaur warrior (D)
  A merfolk aquamancer (D)
  4 iron elementals (D)
  3 hell hogs (D)
  2 vampire magi (D)
  Urug (D)
  2 orc high priests (D)
  3 sun demons (D)
  2 skeletal warriors (D)
  A fire crab (D)
  5 cherubim (D)
  2 sea snakes (D)
  4 deep trolls (D)
  A phantasmal warrior (D)
  8 ugly things (D)
  An orc knight (D)
  4 shining eyes (D)
  A wolf spider (D)
  A faun (D)
  2 manticores (D)
  A cyclops (D)
  3 merfolk sirens (D)
  2 water nymphs (D)
  A black mamba (D)
  10 smoke demons (D)
  A gargoyle (D)
  2 eyes of devastation (D)
  A dryad (D)
  12 tormentors (D)
  7 guardian mummies (D)
  A wind drake (D)
  A merfolk (D)
  3 trolls (D)
  A snapping turtle (D)
  A flying skull (D)
  4 wraiths (D)
  18 air elementals (D)
  2 fire elementals (D)
  A golden eye (D)
  14 floating eyes (D)
  6 sky beasts (D)
  3 orc warriors (D)
  5 wights (D)
  An orc priest (D)
  5 jellies (D)
  2 iron imps (D)
  2 orc wizards (D)
  7 mummies (D)
  An adder skeleton (D)
  2 adder zombies (D)
  A spectral bat (D)
  4 endoplasms (D)
  4 ball python skeletons (D)
  A jackal simulacrum (D)
  2 quokka zombies (D)
  2 spectral quokkas (D)
322 creatures vanquished.

Vanquished Creatures (others)
  A merfolk impaler (D)
  An air elemental (D)
  A golden eye (D)
3 creatures vanquished.

Grand Total: 325 creatures vanquished

Notes
Turn   | Place    | Note
-------+----------+-------------------------------------------
     0 | D        | rocky1 the Draconian Transmuter began the quest for the
                  | Orb.
     0 | D        | Reached XP level 1. HP: 16/16 MP: 3/3
     4 | D        | Found an ornate altar of the Wu Jian Council.
     5 | D        | Found a snail-covered altar of Cheibriados.
     5 | D        | Found a bloodstained altar of Trog.
     5 | D        | Round 1.
     6 | D        | Found a glowing silver altar of Zin.
     7 | D        | Noticed a jelly
     7 | D        | Found an ancient bone altar of Kikubaaqudgha.
     7 | D        | Found a glowing golden altar of the Shining One.
     7 | D        | Found Akimed Banu's Identification Station.
    10 | D        | Killed a jelly
    11 | D        | Reached skill level 5 in Unarmed Combat
    11 | D        | Reached XP level 2. HP: 23/23 MP: 3/6
    11 | D        | Reached XP level 3. HP: 28/28 MP: 3/7
    11 | D        | Found Noifis Tinno's Jewellery.
    11 | D        | Found Binnav's Advanced Armour.
    15 | D        | Found a burning altar of Makhleb.
    17 | D        | Found a hide-covered altar of Uskayaw.
    18 | D        | Found Voweq's Premium Goods.
    19 | D        | Found a shimmering blue altar of Sif Muna.
    19 | D        | Found a corrupted altar of Lugonu.
    19 | D        | Found a blossoming altar of Fedhas.
    19 | D        | Found Acoud's Weapon Rack.
    19 | D        | Found Siteyff's Miscellaneous Merchandise.
    19 | D        | Found Isasaw's Basic Armour.
    23 | D        | Found a shadowy altar of Dithmenos.
    25 | D        | Found an iron altar of Okawaru.
    29 | D        | Found Lamuyre's Do-It-Yourself Clinic.
    30 | D        | Found Yriudin's Bottled Wisdom.
    30 | D        | Found Samilock's Distillery.
    30 | D        | Found a stormy altar of Qazlal.
    30 | D        | Found a radiant altar of Vehumet.
    30 | D        | Found a basalt altar of Yredelemnul.
    30 | D        | Found Jorphao Tubb's Distillery.
    35 | D        | Found a shimmering altar of Xom.
    36 | D        | Found an opulent altar of Gozag.
    50 | D        | Found a sacrificial altar of Ru.
    50 | D        | Found Kokkif's Staff Store.
    52 | D        | Found Wixuujuo's Must-Have Magic.
    52 | D        | Found Benav Ygaik's Magic Scroll Shop.
    57 | D        | Became a worshipper of Gozag Ym Sagoz the Greedy
    60 | D        | Found Seogade's Magic Scroll Shop.
    85 | D        | Learned a level 2 spell: Wereblood
    89 | D        | Learned a level 3 spell: Spider Form
    97 | D        | Bought a bound turquoise ring for 45 gold pieces
    97 | D        | Identified the ring "Ezeig" {Will+++ MP-9 Str+6 Int-2
                  | Dex+3} (You bought it in a shop in the Dungeon)
    97 | D        | Bought a scorched garnet amulet for 45 gold pieces
    97 | D        | Identified the amulet of Hoor {Fragile rC+++ Regen+ MP-9
                  | Str+4} (You bought it in a shop in the Dungeon)
    97 | D        | Bought a coiled iron ring for 45 gold pieces
    97 | D        | Identified the ring "Itinuiw" {Wiz rElec Will- Str+4} (You
                  | bought it in a shop in the Dungeon)
   125 | D        | Arena points: 14 (+14) [x2]
   126 | D        | Reached XP level 4. HP: 29/36 MP: 8/10
   145 | D        | Bought a brightly glowing bronze amulet for 45 gold pieces
   145 | D        | Identified the amulet of Tuvergh {+Blink Regen+} (You
                  | bought it in a shop in the Dungeon)
   145 | D        | Bought an ancient granite ring for 45 gold pieces
   145 | D        | Identified the ring of Mistrust {Fly rElec rCorr EV+5} (You
                  | bought it in a shop in the Dungeon)
   145 | D        | Bought a flickering brass ring for 45 gold pieces
   145 | D        | Identified the ring "Jekid" {AC+4 Str+2} (You bought it in
                  | a shop in the Dungeon)
   183 | D        | Round 2.
   243 | D        | Reached XP level 5. HP: 45/45 MP: 11/11
   283 | D        | Arena points: 56 (+42) [x3]
   284 | D        | Reached skill level 5 in Spellcasting
   284 | D        | Reached skill level 5 in Transmutations
   308 | D        | Bought a dazzling cloak for 332 gold pieces
   308 | D        | Identified the +0 cloak of Atzipuis {rPois Int+2} (You
                  | bought it in a shop in the Dungeon)
   340 | D        | Learned a level 4 spell: Ice Form
   350 | D        | Round 3.
   358 | D        | Noticed a floating eye
   364 | D        | Killed a floating eye
   365 | D        | Reached skill level 5 in Dodging
   365 | D        | Reached XP level 6. HP: 55/55 MP: 12/14
   376 | D        | Reached skill level 5 in Fighting
   391 | D        | Noticed a floating eye
   393 | D        | Paralysed by a floating eye for 3 turns
   396 | D        | Killed a floating eye
   411 | D        | Noticed a floating eye
   414 | D        | Paralysed by a floating eye for 3 turns
   419 | D        | Killed a floating eye
   420 | D        | Your scales start taking on a lurid green colour.
   420 | D        | Reached XP level 7. HP: 63/63 MP: 16/16
   420 | D        | Gained mutation: Your system is resistant to poisons.
                  | (rPois) [Green Draconian growth]
   471 | D        | Arena points: 140 (+84) [x4]
   506 | D        | Bought 4 potions of curing for 84 gold pieces
   506 | D        | Bought 3 potions of heal wounds for 105 gold pieces
   514 | D        | Bought 6 potions of might for 168 gold pieces
   542 | D        | Round 4.
   570 | D        | Noticed a wraith
   581 | D        | Killed a wraith
   582 | D        | Reached skill level 10 in Unarmed Combat
   646 | D        | Arena points: 300 (+160) [x5]
   685 | D        | Bought a book of the Earth for 252 gold pieces
   685 | D        | Bought a book of the Sky for 308 gold pieces
   692 | D        | Learned a level 6 spell: Statue Form
   710 | D        | Round 5.
   710 | D        | Noticed a black mamba
   717 | D        | Killed a black mamba
   718 | D        | Reached XP level 8. HP: 73/73 MP: 14/19
   725 | D        | Noticed a naga warlord
   726 | D        | Noticed a naga ritualist
   737 | D        | Killed a naga warlord
   737 | D        | Arena points: 545 (+245) [x7]
   741 | D        | Got a serpentine rune of Zot
   743 | D        | Reached XP level 9. HP: 68/82 MP: 18/21
   767 | D        | Bought a potion of experience for 300 gold pieces
   767 | D        | Bought a potion of experience for 300 gold pieces
   767 | D        | Reached skill level 10 in Transmutations
   767 | D        | Reached XP level 10. HP: 90/90 MP: 22/22
   768 | D        | Reached XP level 11. HP: 94/95 MP: 23/23
   936 | D        | Round 6.
   937 | D        | Noticed a deep troll
   942 | D        | Noticed a deep troll
   942 | D        | Noticed a deep troll
   952 | D        | Killed a deep troll
   953 | D        | Reached skill level 1 in Earth Magic
   958 | D        | Killed a deep troll
   961 | D        | Reached XP level 12. HP: 60/105 MP: 22/25
   965 | D        | Reached skill level 15 in Unarmed Combat
   980 | D        | Reached skill level 10 in Fighting
   997 | D        | Arena points: 929 (+384) [x8]
  1016 | D        | Bought 5 potions of haste for 350 gold pieces
  1026 | D        | Bought 4 potions of curing for 84 gold pieces
  1026 | D        | Bought 3 potions of heal wounds for 105 gold pieces
  1028 | D        | Bought 2 potions of experience for 600 gold pieces
  1028 | D        | Reached skill level 5 in Earth Magic
  1028 | D        | Reached XP level 13. HP: 104/113 MP: 26/26
  1029 | D        | Reached skill level 10 in Spellcasting
  1029 | D        | Gained mutation: Your tail ends in a venomous barb. [Green
                  | Draconian growth]
  1029 | D        | Reached XP level 14. HP: 114/122 MP: 26/28
  1042 | D        | Round 7.
  1074 | D        | Reached skill level 10 in Dodging
  1077 | D        | Arena points: 1496 (+567) [x9]
  1099 | D        | Round 8.
  1103 | D        | Learned a level 7 spell: Storm Form
  1129 | D        | Reached skill level 1 in Air Magic
  1149 | D        | Arena points: 2216 (+720) [x10]
  1159 | D        | Round 9.
  1271 | D        | Arena points: 3107 (+891) [x11]
  1283 | D        | Bought an ichor-stained hat for 315 gold pieces
  1283 | D        | Identified the +2 hat "Wuatiruc" {Will+} (You bought it in
                  | a shop in the Dungeon)
  1283 | D        | Bought a pair of brightly glowing gloves for 332 gold
                  | pieces
  1283 | D        | Identified the +1 pair of gloves of Circular Logic {Rampage
                  | rC+ Str-2} (You bought it in a shop in the Dungeon)
  1306 | D        | Round 10.
  1314 | D        | Noticed Arachne
  1338 | D        | Killed Arachne
  1338 | D        | Arena points: 4277 (+1170) [x13]
  1348 | D        | Got a gossamer rune of Zot
  1349 | D        | Reached skill level 5 in Air Magic
  1349 | D        | Reached XP level 15. HP: 129/134 MP: 28/31
  1379 | D        | Bought 4 potions of curing for 84 gold pieces
  1379 | D        | Bought 3 potions of heal wounds for 105 gold pieces
  1381 | D        | Bought 3 potions of experience for 900 gold pieces
  1381 | D        | Bought 3 potions of experience for 900 gold pieces
  1397 | D        | Bought an Everburning Encyclopedia for 252 gold pieces
  1397 | D        | Bought a Necronomicon for 392 gold pieces
  1397 | D        | Bought a book of Annihilations for 420 gold pieces
  1406 | D        | Learned a level 8 spell: Necromutation
  1406 | D        | Reached skill level 1 in Necromancy
  1406 | D        | Reached XP level 16. HP: 141/141 MP: 32/32
  1407 | D        | Reached XP level 17. HP: 148/148 MP: 33/33
  1408 | D        | Reached skill level 10 in Earth Magic
  1408 | D        | Reached XP level 18. HP: 156/156 MP: 34/34
  1409 | D        | Reached XP level 19. HP: 162/162 MP: 35/35
  1410 | D        | Reached skill level 15 in Transmutations
  1410 | D        | Reached XP level 20. HP: 170/170 MP: 36/36
  1411 | D        | Reached skill level 5 in Necromancy
  1411 | D        | Reached XP level 21. HP: 177/177 MP: 36/38
  1458 | D        | Bought a shimmering ivory ring for 45 gold pieces
  1458 | D        | Identified the ring "Kagun" {Ice Str+4} (You bought it in a
                  | shop in the Dungeon)
  1458 | D        | Bought a shimmering ivory ring for 45 gold pieces
  1458 | D        | Identified the ring of Runuz {Wiz rElec Dex+3 Slay+2} (You
                  | bought it in a shop in the Dungeon)
  1458 | D        | Bought a fine silver ring for 45 gold pieces
  1458 | D        | Identified the ring of Xias {Wiz rF+ rN+ Stlth+} (You
                  | bought it in a shop in the Dungeon)
  1458 | D        | Bought a pitted silver ring for 45 gold pieces
  1458 | D        | Identified the ring "Nuxt" {Wiz Dex+2} (You bought it in a
                  | shop in the Dungeon)
  1458 | D        | Bought a smoking turquoise ring for 45 gold pieces
  1458 | D        | Identified the ring "Pezxaivo" {rCorr Str+3 Stlth+} (You
                  | bought it in a shop in the Dungeon)
  1458 | D        | Bought a transparent brass ring for 45 gold pieces
  1458 | D        | Identified the ring of the Mutiny {EV+5 Dex+9 Stlth-} (You
                  | bought it in a shop in the Dungeon)
  1458 | D        | Bought a crude bronze ring for 45 gold pieces
  1458 | D        | Identified the ring "Mopiakh" {Drain rElec rCorr Int+3}
                  | (You bought it in a shop in the Dungeon)
  1458 | D        | Bought a scintillating iron ring for 45 gold pieces
  1458 | D        | Identified the ring of Qiskaoraqa {Wiz rF+ rC+ MP+9 Dex+2}
                  | (You bought it in a shop in the Dungeon)
  1458 | D        | Bought a warped garnet amulet for 45 gold pieces
  1458 | D        | Identified the amulet "Ahiapuqi" {Faith +Inv Dex+2} (You
                  | bought it in a shop in the Dungeon)
  1521 | D        | Round 11.
  1576 | D        | Arena points: 5817 (+1540) [x14]
  1586 | D        | Round 12.
  1623 | D        | Noticed Josephine
  1629 | D        | Arena points: 7257 (+1440) [x15]
  1639 | D        | Round 13.
  1652 | D        | Bought 4 potions of curing for 84 gold pieces
  1652 | D        | Bought 4 potions of curing for 84 gold pieces
  1652 | D        | Bought 3 potions of heal wounds for 105 gold pieces
  1652 | D        | Bought 3 potions of heal wounds for 105 gold pieces
  1652 | D        | Bought 3 potions of heal wounds for 105 gold pieces
  1652 | D        | Bought 3 potions of heal wounds for 105 gold pieces
  1652 | D        | Bought 3 potions of heal wounds for 105 gold pieces
  1652 | D        | Bought 3 potions of heal wounds for 105 gold pieces
  1652 | D        | Bought 3 potions of heal wounds for 105 gold pieces
  1652 | D        | Bought 3 potions of heal wounds for 105 gold pieces
  1652 | D        | Bought 3 potions of heal wounds for 105 gold pieces
  1664 | D        | Bought 6 potions of resistance for 420 gold pieces
  1826 | D        | Arena points: 7387 (+130) [x1]
  1840 | D        | Bought 3 potions of mutation for 168 gold pieces
  1840 | D        | Bought 2 potions of mutation for 112 gold pieces
  1840 | D        | Bought a potion of mutation for 56 gold pieces
  1840 | D        | Bought 6 potions of attraction for 126 gold pieces
  1840 | D        | Bought 4 potions of haste for 280 gold pieces
  1841 | D        | Round 14.
  1842 | D        | Bought 3 potions of mutation for 168 gold pieces
  1842 | D        | Bought 2 potions of mutation for 112 gold pieces
  1842 | D        | Bought 6 potions of might for 168 gold pieces
  1858 | D        | Noticed Urug
  1864 | D        | Killed Urug
  1980 | D        | Arena points: 7723 (+336) [x2]
  2013 | D        | Bought 5 scrolls of blinking for 375 gold pieces
  2013 | D        | Bought 4 scrolls of blinking for 300 gold pieces
  2013 | D        | Bought 3 scrolls of blinking for 225 gold pieces
  2031 | D        | Round 15.
  2046 | D        | Noticed Agnes
  2074 | D        | Killed Agnes
  2074 | D        | Arena points: 8383 (+660) [x4]
  2080 | D        | Got a mossy rune of Zot
  2086 | D        | Reached XP level 22. HP: 119/188 MP: 39/39
  2176 | D        | Bought a transparent wooden ring for 45 gold pieces
  2176 | D        | Identified the ring "Buresun" {Fly Int-5 Dex+7} (You bought
                  | it in a shop in the Dungeon)
  2176 | D        | Bought a vibrating bronze ring for 45 gold pieces
  2176 | D        | Identified the ring "Fugiugg" {rElec rF+ rC- Str+6} (You
                  | bought it in a shop in the Dungeon)
  2200 | D        | Bought a pair of transparent boots for 332 gold pieces
  2200 | D        | Identified the +1 pair of boots of Hangman {-Tele Rampage
                  | rF+ Int+3} (You bought it in a shop in the Dungeon)
  2205 | D        | Bought a spiked cloak for 332 gold pieces
  2205 | D        | Identified the +0 cloak "Cuenafru" {rPois Will+ Dex+3
                  | Stlth-} (You bought it in a shop in the Dungeon)
  2241 | D        | Round 16.
  2377 | D        | Reached skill level 15 in Fighting
  2377 | D        | Reached skill level 15 in Dodging
  2396 | D        | Arena points: 9663 (+1280) [x5]
  2473 | D        | Round 17.
  2584 | D        | Arena points: 10785 (+1122) [x6]
  2598 | D        | Bought a pair of fine gloves for 332 gold pieces
  2598 | D        | Identified the +1 pair of gloves of Integrity {Harm
                  | *Corrode SInv} (You bought it in a shop in the Dungeon)
  2637 | D        | Round 18.
  2777 | D        | Arena points: 12801 (+2016) [x7]
  2796 | D        | Bought a potion of heal wounds for 35 gold pieces
  2796 | D        | Bought 6 potions of magic for 336 gold pieces
  2796 | D        | Bought 6 potions of magic for 336 gold pieces
  2796 | D        | Bought 6 potions of resistance for 420 gold pieces
  2796 | D        | Bought 6 potions of resistance for 420 gold pieces
  2796 | D        | Bought a potion of mutation for 56 gold pieces
  2796 | D        | Bought 5 potions of haste for 350 gold pieces
  2796 | D        | Bought 4 potions of haste for 280 gold pieces
  2796 | D        | Bought a potion of flight for 21 gold pieces
  2796 | D        | Bought 6 potions of brilliance for 168 gold pieces
  2796 | D        | Bought 6 potions of attraction for 126 gold pieces
  2796 | D        | Bought 3 potions of haste for 210 gold pieces
  2798 | D        | Bought 2 potions of magic for 112 gold pieces
  2798 | D        | Bought a potion of attraction for 21 gold pieces
  2798 | D        | Bought 6 potions of magic for 336 gold pieces
  2798 | D        | Bought 6 potions of magic for 336 gold pieces
  2798 | D        | Bought 6 potions of resistance for 420 gold pieces
  2798 | D        | Bought 3 potions of haste for 210 gold pieces
  2798 | D        | Bought 6 potions of brilliance for 168 gold pieces
  2808 | D        | Round 19.
  2885 | D        | Reached XP level 23. HP: 178/204 MP: 40/40
  2975 | D        | Arena points: 14625 (+1824) [x8]
  2982 | D        | Bought a tin of tremorstones (2/2) for 880 gold pieces
  2982 | D        | Bought a scroll of blinking for 165 gold pieces
  2991 | D        | Learned a level 8 spell: Ignition
  3013 | D        | Round 20.
  3045 | D        | Identified the +2 buckler "Jaek" {rF- rC++} (You found it
                  | in the Dungeon)
  3045 | D        | Arena points: 17225 (+2600) [x10]
  3049 | D        | Got a silver rune of Zot
  3051 | D        | Reached XP level 24. HP: 148/215 MP: 40/40
  3129 | D        | Bought a scroll labelled IBAIKAUTIA for 38 gold pieces
  3129 | D        | Bought a phial of floods for 1520 gold pieces
  3129 | D        | Bought a potion of lignification for 114 gold pieces
  3246 | D        | Round 21.
  3272 | D        | Reached skill level 5 in Fire Magic
  3311 | D        | Arena points: 20228 (+3003) [x11]
  3348 | D        | Round 22.
  3374 | D        | Paralysed by a floating eye for 2 turns
  3394 | D        | Reached skill level 5 in Evocations
  3411 | D        | Paralysed by a floating eye for 4 turns
  3514 | D        | Paralysed by a floating eye for 2 turns
  3522 | D        | Arena points: 25244 (+5016) [x12]
  3550 | D        | Round 23.
  3561 | D        | Gained mutation: You occasionally lose the ability to drink
                  | potions when taking damage. [a shining eye]
  3570 | D        | Paralysed by a great orb of eyes for 5 turns
  3579 | D        | Paralysed by a floating eye for 2 turns
  3589 | D        | Gained mutation: Your magical capacity is low. (-10% MP) [a
                  | shining eye]
  3631 | D        | Arena points: 29729 (+4485) [x13]
  3646 | D        | Round 24.
  3751 | D        | Reached skill level 27 in Unarmed Combat
  3752 | D        | Reached skill level 15 in Spellcasting
  3817 | D        | Arena points: 35441 (+5712) [x14]
  3836 | D        | Bought a book of Storms for 544 gold pieces
  3836 | D        | Bought a condenser vane for 680 gold pieces
  3847 | D        | Bought Ozocubu's Autobiography for 168 gold pieces
  3847 | D        | Bought a book of Blasting for 280 gold pieces
  3847 | D        | Bought a book of the Moon for 280 gold pieces
  3847 | D        | Bought a book of Chaos for 350 gold pieces
  3847 | D        | Bought a book of Power for 294 gold pieces
  3847 | D        | Bought a Grand Grimoire for 238 gold pieces
  3847 | D        | Bought a book of Burglary for 140 gold pieces
  3847 | D        | Bought a book of Death for 308 gold pieces
  3847 | D        | Bought a book of Hexes for 252 gold pieces
  3847 | D        | Bought a book of Spatial Translocations for 126 gold pieces
  3847 | D        | Bought a book of the Wilderness for 266 gold pieces
  3857 | D        | Learned a level 9 spell: Chain Lightning
  3859 | D        | Round 25.
  3864 | D        | Noticed Dissolution
  3872 | D        | Paralysed by a floating eye for 2 turns
  3879 | D        | Paralysed by a floating eye for 3 turns
  3881 | D        | HP: 3/222 [acid (11)]
  3898 | D        | Killed Dissolution
  3898 | D        | Identified the +10 glaive of Osytemop {vamp, Int+2} (You
                  | found it in the Dungeon)
  3898 | D        | Arena points: 41041 (+5600) [x16]
  3915 | D        | Got a slimy rune of Zot
  3916 | D        | Reached XP level 25. HP: 158/233 MP: 38/38
  3990 | D        | Bought Sif Muna's Compendium of Ill-fated Ouranomancy for
                  | 468 gold pieces
  3990 | D        | Bought Jintah's Opusculum on Different Accelerants for 546
                  | gold pieces
  3990 | D        | Bought Wachuthafao's Excursus on Noxious Destruction for
                  | 572 gold pieces
  3990 | D        | Bought a book of Weapons for 364 gold pieces
  3996 | D        | Bought 5 scrolls of amnesia for 200 gold pieces
  3996 | D        | Bought 3 scrolls of silence for 285 gold pieces
  3998 | D        | Bought a scroll of amnesia for 40 gold pieces
  3998 | D        | Bought 5 scrolls of amnesia for 200 gold pieces
  3998 | D        | Bought 3 scrolls of silence for 285 gold pieces
  3998 | D        | Bought 4 scrolls of blinking for 300 gold pieces
  3998 | D        | Bought 3 scrolls of blinking for 225 gold pieces
  4073 | D        | Round 26.
  4080 | D        | Noticed a royal mummy
  4095 | D        | Killed a royal mummy
  4253 | D        | Arena points: 49881 (+8840) [x17]
  4286 | D        | Round 27.
  4395 | D        | Reached skill level 27 in Fighting
  4450 | D        | Noticed an orb of fire
  4466 | D        | Killed an orb of fire
  4466 | D        | Arena points: 58143 (+8262) [x18]
  4481 | D        | Bought a potion of invisibility for 160 gold pieces
  4481 | D        | Bought a potion of heal wounds for 100 gold pieces
  4481 | D        | Bought a potion of magic for 160 gold pieces
  4481 | D        | Bought 2 potions of curing for 120 gold pieces
  4554 | D        | Bought a potion of mutation for 184 gold pieces
  4554 | D        | Bought a potion of haste for 230 gold pieces
  4554 | D        | Bought 2 potions of might for 184 gold pieces
  4554 | D        | Bought a potion of mutation for 184 gold pieces
  4554 | D        | Bought 2 potions of heal wounds for 230 gold pieces
  4554 | D        | Lost mutation: You occasionally lose the ability to drink
                  | potions when taking damage. [potion of mutation]
  4554 | D        | Lost mutation: Your magical capacity is low. (-10% MP)
                  | [potion of mutation]
  4554 | D        | Gained mutation: You do not regenerate when monsters are
                  | visible. [potion of mutation]
  4555 | D        | Lost mutation: You do not regenerate when monsters are
                  | visible. [potion of mutation]
  4555 | D        | Gained mutation: You have sharp toenails. [potion of
                  | mutation]
  4555 | D        | Gained mutation: You are vulnerable to heat. (rF-) [potion
                  | of mutation]
  4555 | D        | Gained mutation: Your muscles are strong. (Str +4, Int/Dex
                  | -1) [potion of mutation]
  4556 | D        | Lost mutation: Your muscles are strong. (Str +4, Int/Dex
                  | -1) [potion of mutation]
  4556 | D        | Lost mutation: You are vulnerable to heat. (rF-) [potion of
                  | mutation]
  4556 | D        | Lost mutation: You have sharp toenails. [potion of
                  | mutation]
  4556 | D        | Gained mutation: You occasionally shout uncontrollably at
                  | your foes. [potion of mutation]
  4556 | D        | Gained mutation: Your tail ends in a sharp venomous barb.
                  | [potion of mutation]
  4556 | D        | Gained mutation: You have sharp fingernails. [potion of
                  | mutation]
  4557 | D        | Lost mutation: You occasionally shout uncontrollably at
                  | your foes. [potion of mutation]
  4557 | D        | Lost mutation: Your tail ends in a sharp venomous barb.
                  | [potion of mutation]
  4557 | D        | Lost mutation: You have sharp fingernails. [potion of
                  | mutation]
  4557 | D        | Gained mutation: You have a somewhat thin skeletal
                  | structure. (Dex +2, Stealth+) [potion of mutation]
  4557 | D        | Gained mutation: You are somewhat resistant to further
                  | mutation. [potion of mutation]
  4672 | D        | Round 28.
  4861 | D        | Arena points: 70379 (+12236) [x19]
  4879 | D        | Round 29.
  4965 | D        | Reached skill level 27 in Dodging
  5041 | D        | Arena points: 81399 (+11020) [x20]
  5097 | D        | Round 30.
  5099 | D        | Found the +7 sceptre of Asmodeus
  5099 | D        | Noticed Asmodeus
  5117 | D        | Killed Asmodeus
  5117 | D        | Arena points: 91959 (+10560) [x22]
  5118 | D        | Reached skill level 10 in Air Magic
  5133 | D        | Got an obsidian rune of Zot
  5135 | D        | Reached XP level 26. HP: 266/266 MP: 42/45
  5145 | D        | Learned a level 8 spell: Maxwell's Capacitive Coupling
  5152 | D        | Bought a pair of runed boots for 337 gold pieces
  5330 | D        | Round 31.
  5376 | D        | Reached XP level 27. HP: 236/273 MP: 46/46
  5413 | D        | Reached skill level 15 in Air Magic
  5421 | D        | Arena points: 105506 (+13547) [x23]
  5454 | D        | Round 32.
  5462 | D        | Paralysed by an air elemental for 1 turns
  5488 | D        | Paralysed by an air elemental for 1 turns
  5518 | D        | Paralysed by an air elemental for 1 turns
  5522 | D        | Paralysed by an air elemental for 1 turns
  5528 | D        | Paralysed by a greater air elemental for 1 turns
  5559 | D        | Paralysed by a greater air elemental for 1 turns
  5615 | D        | Arena points: 106146 (+640) [x1]
  5630 | D        | Round 33.
  5636 | D        | Noticed Ereshkigal
  5659 | D        | Slain by Ereshkigal

Illustrated notes

Levels and vault maps discovered:
D:        arena_sprint

Skill      XL: |  1  2  3  4  5  6  7  8  9 10 11 12 13 14 15 16 17 18 19 20 21 22 23 24 25 26 27 |
---------------+----------------------------------------------------------------------------------+-----
Dodging        | 2 3 4 5 7 8 9 11 14 16 19 27 | 27.0
Unarmed Combat | 5 6 7 8 9 11 12 13 14 15 18 22 24 25 27 | 27.0
Spellcasting   | 3 4 5 6 7 8 9 10 12 13 16 18 19 21 | 21.2
Transmutations | 3 4 5 6 7 8 10 11 12 14 15 17 19 | 19.7
Fighting       | 2 3 4 6 7 8 9 10 12 13 16 17 20 27 | 27.0
Earth Magic    | 3 5 9 10 | 10.8
Air Magic      | 5 6 7 8 11 12 16 | 16.2
Necromancy     | 1 2 3 4 5 |  5.3
Ice Magic      | 3 |  3.8
Evocations     | 3 11 | 11.1
Fire Magic     | 4 11 13 | 13.9

Action                     |  1- 3 |  4- 6 |  7- 9 | 10-12 | 13-15 | 16-18 | 19-21 | 22-24 | 25-27 || total
---------------------------+-------+-------+-------+-------+-------+-------+-------+-------+-------++-------
  Melee: Unarmed           |    15 |    34 |    40 |    20 |   108 |       |   145 |   402 |   345 ||  1109
         Kick              |     2 |     6 |       |       |       |       |       |       |       ||     8
         Headbutt          |     3 |     1 |       |       |       |       |       |       |       ||     4
         Tailslap          |     2 |     4 |     4 |       |    24 |       |    13 |    62 |    49 ||   158
         Punch             |     1 |     2 |     2 |       |    15 |       |    25 |   108 |    91 ||   244
   Cast: Beastly Appendage |     4 |     3 |       |       |       |       |       |       |       ||     7
         Ice Form          |       |     1 |     2 |     1 |     1 |       |       |       |       ||     5
         Statue Form       |       |       |       |       |     5 |       |     2 |       |     1 ||     8
         Storm Form        |       |       |       |       |       |       |     5 |    13 |    12 ||    30
         Necromutation     |       |       |       |       |       |       |       |     2 |     5 ||     7
         Ignition          |       |       |       |       |       |       |       |       |     3 ||     3
         Maxwell's Capacit |       |       |       |       |       |       |       |       |     2 ||     2
 Invoke: Call Merchant     |       |       |       |       |       |       |       |     4 |     5 ||     9
         Potion Petition   |       |       |       |       |       |       |       |       |     4 ||     4
Ability: Breathe Noxious F |       |       |       |       |     1 |       |       |     2 |     1 ||     4
         Blinkbolt         |       |       |       |       |       |       |       |     2 |       ||     2
         End Transformatio |       |       |       |       |       |       |       |       |     2 ||     2
  Evoke: Tin of tremorston |       |       |       |       |       |       |       |       |     1 ||     1
    Use: Potion            |     1 |       |     2 |     5 |     3 |     3 |     7 |    12 |    17 ||    50
         Scroll            |       |       |       |       |       |       |       |     2 |     3 ||     5
   Stab: Distracted        |       |     1 |       |       |       |       |     2 |     3 |     7 ||    13
         Confused          |       |       |       |       |       |       |       |     1 |       ||     1
 Armour: Skin              |     3 |     4 |     4 |     3 |    57 |       |    53 |    61 |    92 ||   277
  Dodge: Dodged            |     5 |    16 |    28 |    19 |   125 |       |   125 |   260 |   385 ||   963

Table legend: (Time is in decaauts)
 A = Elapsed time spent in this place.
 B = Non-inter-level travel time spent in this place.
 C = Inter-level travel time spent in this place.
 D = Time resting spent in this place.
 E = Time spent auto-exploring this place.
 F = Levels seen in this place.
 G = Mean time per level.
                   A        B        C        D        E       F      G
               +--------+--------+--------+--------+--------+-----+--------+
         Total |   5387 |   5387 |      0 |    975 |     33 |   1 | 5387.0 |
       Dungeon |   5387 |   5387 |      0 |    975 |     33 |   1 | 5387.0 |
               +--------+--------+--------+--------+--------+-----+--------+

Top non-repeatable levels by time:
       D: 5387 daAuts
